 Dungeon Crawl Stone Soup version 0.29.1-2-gbd0b4ee654 (webtiles) character file.

Game seed: 2057992987972703413

85135 zeram the Bludgeoner (level 15, -2/117 HPs)
             Began as a Troll Summoner on Nov 29, 2022.
             Was an Initiate of Gozag.
             Slain by a white ugly thing (34 damage)
             ... on level 14 of the Dungeon.
             The game lasted 00:50:41 (19609 turns).

zeram the Bludgeoner (Troll Summoner)              Turns: 19609, Time: 00:50:41

Health: -2/117     AC: 17    Str: 27    XL:     15   Next: 37%
Magic:  16/16      EV: 12    Int: 17    God:    Gozag
Gold:   5170       SH:  5    Dex: 10    Spells: 7/17 levels left

rFire   . . .      SeeInvis .   y - +8 giant spiked club (spect)
rCold   . . .      Faith    .   (shield currently unavailable)
rNeg    . . .      Spirit   .   c - +4 robe of the Swan {Str+4 Archmagi}
rPois   .          Reflect  +   s - +2 hat
rElec   .          Harm     .   e - +2 cloak
rCorr   .          Rampage  +   (gloves unavailable)
Will    +....      Archmagi +   (boots unavailable)
Stlth   +.........              h - amulet of Ide Nis {Reflect Rampage Str+3 SH+5}
HPRegen 1.09/turn               p - +4 ring of protection
MPRegen 0.15/turn               o - ring of flight

@: flying
A: large, unfitting armour, claws 3, regeneration 1, shaggy fur 1, tough skin 1
a: Renounce Religion, Potion Petition, Call Merchant, Bribe Branch


You were on level 14 of the Dungeon.
You worshipped Gozag.
Gozag was greatly pleased with you.
You visited 5 branches of the dungeon, and saw 23 of its levels.
You also visited: Ice Cave.

You collected 7893 gold pieces.
You spent 978 gold pieces at shops.
You paid 1745 gold pieces to Gozag.

Inventory:

Hand Weapons
 d - the +11 morningstar "Olymozxe" {vorpal, Dex+5}
   (You bought it in a shop on level 2 of the Orcish Mines)

   It inflicts extra damage upon your enemies.
   Dex:       It affects your dexterity (+5).
 g - a +1 whip
 m - a +0 giant club
 y - a +8 spectral giant spiked club (weapon)
Missiles
 t - 3 throwing nets
Armour
 a - a +0 robe
 c - the +4 robe of the Swan (worn) {Str+4 Archmagi}
   (You acquired it on level 2 of the Dungeon)

   Str:       It affects your strength (+4).
   Archmagi:  It increases the power of your magical spells.
 e - a +2 cloak (worn)
 s - a +2 hat (worn)
Jewellery
 h - the amulet of Ide Nis (around neck) {Reflect Rampage Str+3 SH+5}
   (You bought it in a shop on level 8 of the Dungeon)

   [amulet of reflection]

   It reflects blocked missile attacks.
   Str:       It affects your strength (+3).
   SH:        It affects your SH (+5).
   Rampage:   It bestows one free step when moving towards enemies.
 o - a ring of flight (right claw)
 p - a +4 ring of protection (left claw)
 A - an amulet of reflection
 G - a ring of willpower
 N - a ring of ice
 O - a ring of positive energy
 Q - a ring of protection from cold
 S - a ring of resist corrosion
 U - a +4 ring of protection
 V - a ring of see invisible
 W - an amulet of guardian spirit
 X - a ring of poison resistance
 Y - a +6 ring of strength
Wands
 n - a wand of flame (116)
 v - a wand of roots (17)
 C - a wand of polymorph (14)
 D - a wand of charming (13)
 F - a wand of mindburst (18)
 P - a wand of light (12)
Scrolls
 f - 9 scrolls of teleportation
 k - 5 scrolls of enchant armour
 r - 6 scrolls of butterflies
 x - 3 scrolls of fear
 H - 10 scrolls of identify
 M - 3 scrolls of magic mapping
 T - 2 scrolls of blinking
 Z - a scroll of amnesia
Potions
 b - a potion of magic
 i - 4 potions of attraction
 j - 4 potions of berserk rage
 l - 7 potions of curing
 q - 8 potions of mutation
 u - 17 potions of degeneration
 w - 2 potions of resistance
 z - 2 potions of haste
 B - a potion of flight
 E - 2 potions of lignification
 I - 3 potions of ambrosia
 J - 5 potions of brilliance
 K - 4 potions of might
 L - 4 potions of invisibility
 R - 4 potions of heal wounds


   Skills:
 + Level 19.2 Maces & Flails
 + Level 10.0 Dodging
 - Level 1.0 Stealth
 + Level 5.6 Shields
 + Level 1.6 Spellcasting
 * Level 10.0 Summonings
 + Level 1.0 Evocations


You had 7 spell levels left.
You knew the following spells:

 Your Spells              Type           Power      Damage    Failure   Level
a - Summon Small Mammal   Summ           100%       N/A       1%          1
b - Call Imp              Summ           52%        N/A       1%          2
c - Call Canine Familiar  Summ           52%        N/A       1%          3
d - Summon Lightning Spi  Summ/Air       27%        N/A       26%         4

Your spell library contained the following spells:

 Spells                   Type           Power      Damage    Failure   Level
 Summon Guardian Golem    Hex/Summ       27%        N/A       8%          3
 Beastly Appendage        Tmut           4%         N/A       21%         1
 Magic Dart               Conj           8%         1d3       21%         1
 Sting                    Tmut/Pois      8%         1d3       21%         1
 Summon Ice Beast         Ice/Summ       27%        N/A       26%         4
 Poisonous Vapours        Pois/Air       4%         N/A       30%         2
 Searing Ray              Conj           4%         2d4       30%         2
 Wereblood                Tmut           2%         N/A       30%         2
 Conjure Flame            Conj/Fire      2%         6-21      52%         3
 Frozen Ramparts          Ice            4%         1d1       52%         3
 Gell's Gravitas          Tloc           2%         N/A       52%         3
 Ignite Poison            Fire/Tmut/Pois 2%         N/A       52%         3
 Lesser Beckoning         Tloc           2%         N/A       52%         3
 Ozocubu's Armour         Ice            2%         N/A       52%         3
 Spider Form              Tmut/Pois      2%         N/A       52%         3
 Teleport Other           Tloc           2%         N/A       52%         3
 Fulminant Prism          Conj/Hex       1%         3d6       90%         4
 Ice Form                 Ice/Tmut       2%         N/A       90%         4
 Iskenderun's Mystic Bla  Conj/Tloc      2%         2d3       90%         4
 Leda's Liquefaction      Hex/Erth       1%         N/A       90%         4
 Olgreb's Toxic Radiance  Pois           2%         N/A       90%         4
 Sticky Flame             Conj/Fire      2%         2d3       90%         4
 Alistair's Intoxication  Tmut/Pois      1%         N/A       99%         5
 Blade Hands              Tmut           1%         N/A       99%         5
 Borgnjor's Vile Clutch   Necr/Erth      1%         N/A       99%         5
 Irradiate                Conj/Tmut      1%         3d12      99%         5
 Lee's Rapid Deconstruct  Erth           1%         3d5*      99%         5
 Eringya's Noxious Bog    Tmut/Pois      1%         N/A       100%        6
 Statue Form              Tmut/Erth      1%         N/A       100%        6
 Dragon Form              Tmut           1%         N/A       100%        7
 Ozocubu's Refrigeration  Ice            1%         4d7       100%        7
 Corpse Rot               Necr/Pois/Air  Unusable   N/A       N/A         4

Dungeon Overview and Level Annotations

Branches:
Dungeon (14/15)            Temple (1/1) D:4            Lair (5/5) D:10
  Swamp (0/4) Lair:3       Spider (1/4) Lair:3        Slime (0/5) Lair:4
    Orc (2/2) D:10            Elf (0/3) Orc:2         IceCv (visited)
 Vaults: D:13-14

Altars:
Ashenzari
Cheibriados
Dithmenos
Elyvilon
Fedhas
Gozag
Hepliaklqana
Kikubaaqudgha
Makhleb
Nemelex Xobeh
Okawaru
Qazlal
Ru
Sif Muna
Trog
Uskayaw
Vehumet
Wu Jian
Xom
Yredelemnul
Zin
The Shining One

Shops:
D:8 =   Orc:2 :[((   Lair:3 *

Portals:
Trove: D:11 (give 7 scrolls of fear)

Annotations:
D:1 1 transporter
Lair:1 2 transporters, KittyFluff's ghost, journeyman TrFi


Innate Abilities, Weirdness & Mutations

You are too large for most types of armour.
You have claws for hands.
Your natural rate of healing is unusually fast.
You are covered in fur. (AC +1)
You have tough skin. (AC +1)


Message History

The purple ugly thing basks in the mutagenic energy from its kin and changes!
You bludgeon the white ugly thing!!
The white ugly thing is heavily wounded.
The white ugly thing bites you! The white ugly thing freezes you!!
You stick the white ugly thing like a pincushion!!!
You kill the white ugly thing!
The white ugly thing is distracted by your dazzling golden aura.
The white ugly thing gurgles horribly!
You hit the red ugly thing.
The red ugly thing is lightly wounded.
The white ugly thing is no longer distracted by gold.
The red ugly thing closely misses you.
You impale the red ugly thing!!
The red ugly thing is heavily wounded.
The white ugly thing is no longer distracted by gold.
The red ugly thing punches you!
You are engulfed in flames!
The purple ugly thing is distracted by your dazzling golden aura.
The purple ugly thing gurgles horribly!
You impale the red ugly thing!!
You kill the red ugly thing!
You barely miss the white ugly thing.
The white ugly thing stings you but does no damage.
You bludgeon the white ugly thing!!
The white ugly thing is moderately wounded.
The white ugly thing basks in the mutagenic energy from its kin and changes!
The white ugly thing stings you! The white ugly thing freezes you!!
* * * LOW HITPOINT WARNING * * *
You are too injured to fight recklessly!
You are too injured to fight recklessly!
You are too injured to fight recklessly!
You are too injured to fight recklessly!
Unknown command.
The purple ugly thing is no longer distracted by gold.
The white ugly thing basks in the mutagenic energy from its kin and changes!
There is a stone staircase leading up here.
The white ugly thing stings you.
* * * LOW HITPOINT WARNING * * *
The white ugly thing freezes you!!
You die...
Your body crumbles into a pile of gold.

#.......#
#.....[....#....#
. +).......#
##########.######
..#####....# ####
#.# ##....#....#
#... ...
#......###.## #..
.### PPP.[....#
#.. . ##PP...#.#
#.# ##P...#.###.#
#P..##...#@##
##P..####..u.#
#.P...###.##.#
♣...♣♣.......##u#
P...PP...######uu
♣.. ♣P...# ##..
.........# ...
........# ....
(......## ...##


You could see 4 ugly things.

Vanquished Creatures
  Kirke (Lair:3)
  An orc warlord (Orc:2)
  The ghost of Xyoprad the Blocker, a journeyman FoFi of Ashenzari (D:13)
  Snorg (Lair:3)
  A fire dragon (Lair:5)
  An ice dragon (D:13)
  10 hydras
  3 centaur warriors
  An ogre mage (D:12)
  2 boulder beetles
  9 two-headed ogres
  A catoblepas (D:13)
  10 death yaks
  An orc high priest (Orc:2)
  6 skeletal warriors
  A fire crab (Lair:5)
  A pharaoh ant (Spider:1)
  An orb spider (Spider:1)
  A steelbarb worm (Spider:1)
  2 bog bodies
  A necromancer (IceCv)
  3 ugly things
  An orc sorcerer (Orc:2)
  2 wolf spiders
  A manticore (D:13)
  3 cyclopes
  3 black mambas
  13 elephants
  A cane toad (Lair:1)
  2 ice statues (IceCv)
  2 molten gargoyles (Lair:5)
  2 torpor snails (Spider:1)
  A gargoyle (D:13)
  An unseen horror (D:11)
  3 rime drakes
  Maggie (D:6)
  An anaconda simulacrum (IceCv)
  A demonic crawler (Spider:1)
  10 komodo dragons
  A kobold demonologist (D:9)
  10 ice devils
  An efreet (D:12)
  5 polar bears
  8 trolls
  21 blink frogs
  A hornet (Lair:3)
  Grinder (D:3)
  14 slime creatures
  5 dream sheep (Lair:5)
  A vampire (D:11)
  A wraith (D:12)
  A culicivora (Spider:1)
  An air elemental (D:13)
  A jumping spider (Spider:1)
  A shadow (D:11)
  A dire elephant simulacrum (IceCv)
  A water elemental (D:13)
  3 hogs (Lair:3)
  8 wyverns
  A fire elemental (D:13)
  36 yaks
  11 vampire mosquitoes
  2 redbacks (Lair:3)
  A steam dragon (Lair:5)
  3 basilisks
  3 wargs (Orc:1)
  2 death yak simulacra (IceCv)
  5 hydra simulacra (IceCv)
  3 harpy simulacra (IceCv)
  12 water moccasins
  3 hell hounds (Lair:5)
  2 sky beasts (D:8)
  A swamp drake (D:10)
  An ice beast (D:6)
  26 orc warriors
  6 black bears
  8 wolves
  8 ogres
  8 centaurs
  A phantom (D:4)
  8 bullfrogs
  A kobold brigand (D:8)
  Blork the orc (D:5)
  3 gnoll sergeants
  3 necrophages
  A cane toad simulacrum (Lair:1)
  An earth elemental (D:13)
  4 scorpions
  6 wights
  5 killer bees (D:9)
  5 howler monkeys
  5 lava snakes (Lair:5)
  23 orc priests
  5 hounds
  3 jellies
  3 iron imps (D:7)
  Jessica (D:2)
  3 iguanas
  Ijyb (D:3)
  Natasha (D:2)
  20 orc wizards
  A spriggan simulacrum (Lair:1)
  A wolf simulacrum (Lair:1)
  A troll simulacrum (Lair:1)
  A polar bear simulacrum (IceCv)
  6 adders
  15 gnolls
  A naga simulacrum (IceCv)
  2 shadow imps
  5 white imps
  An ufetubus (D:6)
  4 worms
  A dart slug (D:1)
  80 orcs
  2 ball pythons
  6 bats
  6 endoplasms
  3 giant cockroaches
  7 hobgoblins
  2 jackals (D:5)
  11 kobolds
  4 quokkas
  2 frilled lizards
  9 goblins
  7 rats
  2 butterflies (D:4)
619 creatures vanquished.

Vanquished Creatures (others)
  A black mamba (Lair:5)
  An orc warrior (Orc:2)
  An orc (D:6)
  2 jackals (D:5)
  11 fungi
  13 plants
29 creatures vanquished.

Grand Total: 648 creatures vanquished

Notes
Turn   | Place    | Note
-------+----------+-------------------------------------------
     0 | D:1      | zeram the Troll Summoner began the quest for the Orb.
     0 | D:1      | Reached XP level 1. HP: 16/16 MP: 1/1
   146 | D:1      | Reached XP level 2. HP: 24/24 MP: 2/2
   327 | D:1      | Reached XP level 3. HP: 24/31 MP: 3/3
   399 | D:1      | Learned a level 2 spell: Call Imp
   672 | D:2      | Found a faded altar of an unknown god.
   719 | D:2      | Reached skill level 1 in Maces & Flails
   802 | D:2      | Noticed Jessica
   813 | D:2      | Killed Jessica
   814 | D:2      | Reached XP level 4. HP: 15/39 MP: 4/4
  1213 | D:2      | Found a glowing silver altar of Zin.
  1213 | D:2      | Noticed Natasha
  1222 | D:2      | Killed Natasha
  1223 | D:2      | Reached skill level 2 in Maces & Flails
  1248 | D:2      | Identified a scroll of acquirement
  1248 | D:2      | Acquired the +4 robe of the Swan {Str+4 Archmagi}
  1399 | D:3      | Noticed Ijyb
  1434 | D:3      | Killed Ijyb
  1435 | D:3      | Reached XP level 5. HP: 38/45 MP: 5/5
  1732 | D:3      | Noticed Grinder
  1776 | D:3      | Paralysed by Grinder for 5 turns
  1800 | D:3      | Paralysed by Grinder for 2 turns
  1835 | D:3      | Paralysed by Grinder for 2 turns
  1853 | D:3      | Paralysed by Grinder for 4 turns
  1969 | D:3      | Learned a level 3 spell: Call Canine Familiar
  1982 | D:3      | Killed Grinder
  1983 | D:3      | Reached skill level 3 in Maces & Flails
  1983 | D:3      | Reached XP level 6. HP: 39/53 MP: 2/7
  2378 | D:4      | Reached skill level 4 in Maces & Flails
  2503 | D:4      | Reached XP level 7. HP: 48/59 MP: 8/8
  2553 | D:4      | Found a stormy altar of Qazlal.
  2563 | D:4      | Found a blossoming altar of Fedhas.
  2572 | D:4      | Found a staircase to the Ecumenical Temple.
  2676 | Temple   | Entered the Ecumenical Temple
  3058 | D:4      | Found a bloodstained altar of Trog.
  3350 | D:5      | Entered Level 5 of the Dungeon
  3524 | D:5      | Found a broken altar of Ashenzari.
  3599 | D:5      | Noticed Blork the orc
  3643 | D:5      | Killed Blork the orc
  3663 | D:5      | Reached skill level 5 in Maces & Flails
  3835 | D:5      | Found a shimmering blue altar of Sif Muna.
  3840 | D:5      | Found a basalt altar of Yredelemnul.
  3842 | D:5      | Found a sacrificial altar of Ru.
  3845 | D:5      | Found an opulent altar of Gozag.
  3974 | D:5      | Became a worshipper of Gozag Ym Sagoz the Greedy
  4100 | D:5      | Reached XP level 8. HP: 67/67 MP: 9/9
  4126 | D:5      | Reached skill level 5 in Dodging
  4264 | D:5      | Reached skill level 6 in Maces & Flails
  4437 | D:6      | Noticed Maggie
  4470 | D:6      | Killed Maggie
  4471 | D:6      | Reached skill level 7 in Maces & Flails
  4752 | D:6      | Identified the +1 buckler of Jorigoum {Fly rF- Str+3}
  4845 | D:6      | Found a glowing golden altar of the Shining One.
  4872 | D:6      | Acquired 867 gold pieces
  5451 | D:7      | Reached XP level 9. HP: 66/74 MP: 10/10
  5467 | D:7      | Reached skill level 8 in Maces & Flails
  5641 | D:7      | Found a shadowy altar of Dithmenos.
  5806 | D:7      | Found a burning altar of Makhleb.
  5909 | D:7      | Acquired a +5 spectral giant spiked club
  6088 | D:8      | Reached skill level 1 in Shields
  6160 | D:8      | Reached skill level 9 in Maces & Flails
  6182 | D:8      | Identified the +8 plate armour of Unreason {rN+ Dex+4}
  6614 | D:8      | Bought the amulet of Ide Nis {Reflect Rampage Str+3 SH+5}
                  | for 562 gold pieces
  6729 | D:9      | Noticed a two-headed ogre
  6734 | D:9      | Killed a two-headed ogre
  6735 | D:9      | Reached skill level 5 in Summonings
  6735 | D:9      | Reached XP level 10. HP: 63/81 MP: 11/11
  6742 | D:9      | Found a snail-covered altar of Cheibriados.
  6761 | D:9      | Found a sparkling altar of Nemelex Xobeh.
  6794 | D:9      | Identified the +10 war axe of Beloved Watchfulness {flame,
                  | rElec rC+}
  6800 | D:9      | Reached skill level 10 in Maces & Flails
  7320 | D:10     | Entered Level 10 of the Dungeon
  7408 | D:10     | Found a staircase to the Lair.
  7410 | D:10     | Noticed a death yak
  7416 | D:10     | Killed a death yak
  7454 | D:10     | Noticed a death yak
  7454 | D:10     | Noticed a death yak
  7459 | D:10     | Killed a death yak
  7460 | D:10     | Reached skill level 11 in Maces & Flails
  7462 | D:10     | Killed a death yak
  7533 | D:10     | Reached XP level 11. HP: 81/88 MP: 12/12
  7681 | D:10     | Noticed a centaur warrior
  7685 | D:10     | Killed a centaur warrior
  7748 | D:10     | Found a staircase to the Orcish Mines.
  7749 | D:10     | Reached skill level 12 in Maces & Flails
  7915 | D:10     | Found a glowing silver altar of Zin.
  8237 | D:10     | Learned a level 4 spell: Summon Lightning Spire
  8258 | Orc:1    | Entered Level 1 of the Orcish Mines
  8360 | Orc:2    | Entered Level 2 of the Orcish Mines
  8461 | Orc:2    | Noticed a two-headed ogre
  8507 | Orc:2    | HP: 4/88 [troll (1)]
  8522 | Orc:1    | Killed a two-headed ogre
  8928 | Orc:2    | Reached skill level 1 in Evocations
  9228 | Orc:2    | Found Ryrphenn's Book Shop.
  9289 | Orc:2    | Found a staircase to the Elven Halls.
  9292 | Orc:2    | Noticed an orc high priest
  9296 | Orc:2    | Noticed an orc sorcerer
  9303 | Orc:2    | Killed an orc high priest
  9307 | Orc:2    | Killed an orc sorcerer
  9315 | Orc:2    | Reached skill level 13 in Maces & Flails
  9469 | Orc:2    | Found Durygg's Weapon Boutique.
  9616 | Orc:2    | Noticed an orc warlord
  9791 | Orc:2    | Killed an orc warlord
  9792 | Orc:2    | Reached XP level 12. HP: 33/96 MP: 13/13
  9913 | Orc:2    | Found Boumeaxuc's Antique Weapon Boutique.
  9917 | Orc:2    | Found Efodgh's Antique Armour Shop.
 10143 | Orc:2    | Bought an iridescent morningstar for 216 gold pieces
 10143 | Orc:2    | Identified the +11 morningstar "Olymozxe" {vorpal, Dex+5}
                  | (You bought it in a shop on level 2 of the Orcish Mines)
 10301 | Lair:1   | Entered Level 1 of the Lair of Beasts
 10823 | Lair:1   | Noticed KittyFluff's ghost (journeyman TrFi)
 10831 | Lair:1   | Found a transporter.
 10834 | Lair:1   | Found a bloodstained altar of Trog.
 10852 | Lair:1   | Found a transporter.
 10940 | Lair:1   | Noticed a death yak
 10951 | Lair:1   | Reached skill level 14 in Maces & Flails
 10967 | Lair:1   | Killed a death yak
 11071 | Lair:2   | Found a frozen archway.
 11087 | IceCv    | Entered an ice cave
 11640 | IceCv    | Reached skill level 15 in Maces & Flails
 11987 | Lair:2   | Noticed a six-headed hydra
 11994 | Lair:2   | Killed a six-headed hydra
 11997 | Lair:2   | Reached XP level 13. HP: 69/102 MP: 14/14
 12602 | Lair:3   | Paralysed by a hornet for 2 turns
 12801 | Lair:3   | Found a staircase to the Swamp.
 12862 | Lair:3   | Found a hole to the Spider Nest.
 13040 | Lair:3   | Noticed Kirke
 13043 | Lair:3   | Reached skill level 16 in Maces & Flails
 13049 | Lair:3   | Killed Kirke
 13241 | Lair:3   | Found a shimmering blue altar of Sif Muna.
 13472 | Spider:1 | Entered Level 1 of the Spider Nest
 13679 | Lair:4   | Found a staircase to the Slime Pits.
 13681 | Lair:4   | Noticed Snorg
 13694 | Lair:3   | Killed Snorg
 13737 | Lair:3   | Bought a scroll of fear for 100 gold pieces
 13737 | Lair:3   | Bought a scroll of identify for 50 gold pieces
 13737 | Lair:3   | Bought a scroll of identify for 50 gold pieces
 13900 | Lair:4   | You are sucked into a shaft and drop 1 floor!
 13900 | Lair:5   | Entered Level 5 of the Lair of Beasts
 13953 | Lair:5   | Reached skill level 5 in Shields
 13960 | Lair:5   | Reached XP level 14. HP: 110/110 MP: 15/15
 13966 | Lair:5   | Reached skill level 17 in Maces & Flails
 14368 | Lair:5   | Found a large runed translucent door.
 14368 | Lair:5   | Found a large runed translucent door.
 15480 | Lair:4   | Identified the +1 ring mail "Ucviebrycwy" {Str+7}
 15652 | Lair:4   | Identified the +1 ring mail "Kareov" {rElec Int+5}
 16254 | Lair:1   | Reached skill level 18 in Maces & Flails
 16990 | D:11     | Identified the +8 quarterstaff of the Open Hand {elec, rF-
                  | rN+ Str+2 Dex+4}
 17003 | D:11     | Found a portal to a secret trove of treasure.
 17785 | D:12     | Reached XP level 15. HP: 107/117 MP: 16/16
 18696 | D:13     | Noticed Xyoprad's ghost (journeyman FoFi)
 18698 | D:13     | Found a runed translucent door.
 18801 | D:13     | Reached skill level 19 in Maces & Flails
 19074 | D:13     | Found a large runed translucent door.
 19074 | D:13     | Found a large runed translucent door.
 19090 | D:13     | Paralysed by an air elemental for 1 turns
 19092 | D:13     | Paralysed by an air elemental for 1 turns
 19096 | D:13     | Paralysed by an air elemental for 1 turns
 19107 | D:13     | Paralysed by an air elemental for 1 turns
 19290 | D:13     | Paralysed by an air elemental for 1 turns
 19295 | D:13     | Reached skill level 10 in Dodging
 19457 | D:13     | Killed Xyoprad's ghost
 19523 | D:14     | Reached skill level 10 in Summonings
 19567 | D:14     | Identified the +1 scale mail "Fegaxym" {*Slow Str+3 Dex+5}
 19609 | D:14     | Slain by a white ugly thing

Illustrated notes

Levels and vault maps discovered:
D:1:      spicycebolla_arrival_risky_transporter, layout_rooms
D:2:      layout_basic, basic_altar, chequers_ecumenical_altar_grove,
          minmay_tromino_i2, uniq_natasha, uniq_jessica
D:3:      layout_basic, uniq_ijyb, uniq_grinder
D:4:      layout_basic, grunt_temple_overflow_forces_of_nature,
          lemuel_coloured_pillars_altar, minmay_temple_entry_butterflies,
          minivault_25
D:5:      layout_loops_ring, minitemple, general_overflow_altar,
          lemuel_flame_loot_1, uniq_blork_the_orc
D:6:      layout_gridville, lemuel_round_altar, uniq_maggie
D:7:      layout_basic, grunt_dithmenos_smoke, demons_altar
D:8:      layout_loops_ring
D:9:      layout_irregular_city, nemelex_xobeh_ov_fountains_minmay,
          cheibriados_altar_1, minmay_curled_crystal
D:10:     layout_irregular_city, nicolae_overflow_hidden_temple,
          dpeg_lair_monsters, erik_orc_1
D:11:     layout_small_grid, nicolae_trove_entry_free_sample
D:12:     layout_stronghold, serial_bayou_pond_b
D:13:     layout_gridville, hellmonk_ghost_happy_afterlife,
          lightli_elemental_guards
D:14:     layout_basic, erik_vaults_2, serial_park_gazebo
          [serial_park_minivault_5x5_2]
Temple:   hellmonk_temple_forest_ring
Lair:1:   dreamdust_isle_of_ice, layout_small_grid,
          gammafunk_ghost_wrathful_warriors, nicolae_quartered_pool_impasse,
          grunt_megastairs_3
Lair:2:   dreamdust_cave_troll, layout_hall_layers,
          portal_ice_cave_entry_pillars_1, beast_lair_carwin_3
Lair:3:   layout_regular_city, skrybe_swamp_entry_bodies, spider_nest_entry_a,
          basic_altar, uniq_kirke
Lair:4:   layout_small_grid, slime_entry_1, uniq_snorg
Lair:5:   cheibrodos_lair_end_hotspot, layout_hall_layers, hibernation_bobbens
Spider:1: layout_chambers
Orc:1:    layout_diamond_mine, basic_altar, uniq_jorgrun, uniq_sonja
Orc:2:    grunt_orc_community_town_hall, layout_caves,
          grunt_orc_community_big_house_1, grunt_orc_community_big_house_2,
          grunt_orc_community_house_3, grunt_orc_community_house_3,
          grunt_orc_community_house_2, grunt_orc_community_house_1,
          grunt_orc_community_house_1, nicolae_orc_lava_room

Skill      XL: |  1  2  3  4  5  6  7  8  9 10 11 12 13 14 15 |
---------------+----------------------------------------------+-----
Summonings     | 3 4 5 6 7 8 9 10 | 10.0
Maces & Flails | 1 2 3 4 5 7 9 11 13 15 16 18 19 | 19.2
Dodging        | 2 3 4 5 6 7 8 9 10 | 10.0
Shields        | 1 2 3 4 5 |  5.6
Evocations     | 1 |  1.0
Stealth        | |  1.0
Spellcasting   | |  1.6

Action                   |  1- 3 |  4- 6 |  7- 9 | 10-12 | 13-15 || total
-------------------------+-------+-------+-------+-------+-------++-------
Melee: Unarmed           |    35 |       |       |       |       ||    35
       Whip              |   143 |   250 |    51 |       |       ||   444
       Punch             |     3 |     4 |       |       |       ||     7
       Giant club        |       |       |   329 |       |       ||   329
       Giant spiked club |       |       |    69 |   393 |   458 ||   920
 Cast: Call Imp          |       |     5 |       |       |       ||     5
Invok: Call Merchant     |       |       |     1 |       |     1 ||     2
Evoke: Wand              |       |     1 |     8 |     6 |     5 ||    20
  Use: Scroll            |       |    11 |     9 |    14 |     6 ||    40
       Potion            |       |     2 |     1 |     4 |     3 ||    10
 Stab: Sleeping          |     3 |     1 |       |     2 |       ||     6
       Distracted        |       |       |       |     9 |    11 ||    20
Armor: Robe              |    70 |    92 |   321 |   211 |   183 ||   877
Dodge: Dodged            |   106 |   107 |   272 |   216 |   208 ||   909
Block: Other             |       |       |    27 |   106 |    80 ||   213
       Reflection        |       |       |     1 |     4 |     1 ||     6
